 Dungeon Crawl Stone Soup version 0.26-a0-812-g31a745ddcd (webtiles) character file.

Game seed: 15349780989507552397

7 vurker the Vexing (level 1, -2/17 HPs)
             Began as a Palentonga Enchanter on Nov 25, 2020.
             Slain by a gnoll (6 damage)
             ... on level 1 of the Dungeon.
             The game lasted 00:00:45 (283 turns).

vurker the Vexing (Palentonga Enchanter)             Turns: 283, Time: 00:00:46

Health: -2/17      AC:  4    Str: 11    XL:     1   Next: 91%
Magic:  3/3        EV: 10    Int: 15    God:
Gold:   32         SH:  0    Dex: 10    Spells: 3/4 levels left

rFire    . . .     SeeInvis +   a - +1 dagger
rCold    . . .     Faith    .   (no shield)
rNeg     . . .     Spirit   .   b - +0 robe
rPois    .         Reflect  .   (no helmet)
rElec    .         Harm     .   (no cloak)
rCorr    .         Rampage  .   (no gloves)
MR       .....                  (no barding)
Stlth    ++........             (no amulet)
HPRegen  0.05/turn              (no ring)
MPRegen  0.08/turn              (no ring)

@: no status effects
A: large, rugged brown scales 3, see invisible, deformed body, roll, armoured
tail
a: Rolling Charge


You were on level 1 of the Dungeon.
You visited 1 branch of the dungeon, and saw 1 of its levels.

You collected 32 gold pieces.

Inventory:

Hand Weapons
 a - a +1 dagger (weapon)
Armour
 b - a +0 robe (worn)
Scrolls
 c - a scroll of remove curse {unknown}


   Skills:
 + Level 1.6 Fighting
 - Level 1.0 Short Blades
 - Level 1.5 Dodging
 - Level 2.0 Stealth
 - Level 2.0 Spellcasting
 - Level 3.0 Hexes


You had 3 spell levels left.
You knew the following spells:

 Your Spells              Type           Power        Failure   Level
a - Corona                Hex            ##.....      6%          1

Your spell library contained the following spells:

 Spells                   Type           Power        Failure   Level
 Ensorcelled Hibernation  Hex/Ice        #.....       19%         2
 Confusing Touch          Hex            ##......     19%         3
 Tukima's Dance           Hex            ##......     19%         3
 Dazzling Flash           Conj/Hex       #.....       34%         3


Dungeon Overview and Level Annotations

Branches:
Dungeon (1/15)

Altars:


Innate Abilities, Weirdness & Mutations

You are completely covered in rugged brown scales. (AC +3, +7% HP)
You have supernaturally acute eyesight. (SInv)
Armour fits poorly on your strangely shaped body.
You can roll at foes to attack.
You have a long armoured tail.


Message History

There are monsters nearby!
The kobold barely misses you.
You hit the kobold. You tail-slap the kobold.
You kill the kobold!
The leopard gecko hisses angrily.
You hit the leopard gecko. The leopard gecko misses you.
You hit the leopard gecko.
You kill the leopard gecko!
No target in view!
No target in view!
No target in view!
No target in view!
No target in view!
No target in view!
No target in view!
No target in view!
No target in view!
No target in view!
No target in view!
You see here a +0 short sword.
Found a scroll labelled TEMUWA LAXZE.
Found a stone staircase leading down.
c - a scroll labelled TEMUWA LAXZE A goblin comes into view.
It is wielding a +0 club.
Found 16 gold pieces.
A goblin is nearby!
A goblin is nearby!
The goblin shouts!
You hear a shout!
A gnoll comes into view.
You hit the goblin. The goblin barely misses you.
A rat comes into view.
You hit the goblin.
You kill the goblin!
The gnoll hits you but does no damage.
You hit the gnoll but do no damage. The gnoll hits you!
You closely miss the gnoll. The gnoll hits you.
* * * LOW HITPOINT WARNING * * *
The gnoll hits you.
* * * LOW HITPOINT WARNING * * *
The rat closely misses you. The gnoll closely misses you.
Things that are here:
a +0 club; a rat corpse
Things that are here:
a +0 club; a rat corpse
Okay, then.
Things that are here:
a +0 club; a rat corpse The gnoll hits you.
You die...

#.##.#.$....#######
.....+.....>.......
.....#.......#####
.....#......r# #.#
.....#######.# #.#
.......r.....# #.#
...)r#############.#
####.# #..)...rg.#.#
####.###.#######@#.#
.................#.#
.....###.##..#####.###
.###.#...............#
#.#.#.#########.#.#
#.#.#......####.#.#
#.#....#........#.#
#.#..#.#.#.######.#
#.#....#.#.#....#.#


You could see a gnoll and a rat.

Vanquished Creatures
  A leopard gecko (D:1)
  A goblin (D:1)
  A hobgoblin (D:1)
  2 kobolds (D:1)
  A rat (D:1)
6 creatures vanquished.

Notes
Turn   | Place    | Note
-------+----------+-------------------------------------------
     0 | D:1      | vurker the Palentonga Enchanter began the quest for the
                  | Orb.
     0 | D:1      | Reached XP level 1. HP: 14/14 MP: 3/3
    84 | D:1      | Reached skill level 1 in Fighting
   283 | D:1      | Slain by a gnoll

Illustrated notes

Levels and vault maps discovered:
D:1:      minmay_arrival_hallway, layout_basic, minmay_misc_feat_secret_circle

Skill      XL: |  1 |
---------------+----+-----
Fighting       | 1 |  1.6
Short Blades   | |  1.0
Dodging        | |  1.5
Stealth        | |  2.0
Spellcasting   | |  2.0
Hexes          | |  3.0

Action                   || total
-------------------------++-------
Melee: Dagger            ||    20
       Tailslap          ||     3
Armor: Robe              ||     3
Dodge: Dodged            ||     8

Table legend: (Time is in decaauts)
 A = Elapsed time spent in this place.
 B = Non-inter-level travel time spent in this place.
 C = Inter-level travel time spent in this place.
 D = Time resting spent in this place.
 E = Time spent auto-exploring this place.
 F = Levels seen in this place.
 G = Mean time per level.
                   A        B        C        D        E       F      G
               +--------+--------+--------+--------+--------+-----+--------+
         Total |    282 |    282 |      0 |      0 |    181 |   1 |  282.0 |
       Dungeon |    282 |    282 |      0 |      0 |    181 |   1 |  282.0 |
               +--------+--------+--------+--------+--------+-----+--------+

Top non-repeatable levels by time:
     D:1: 282 daAuts
